 Dungeon Crawl Stone Soup version 0.20-a0-453-g91466d2 (webtiles) character file.

5562 Queen the Fencer (level 10, -7/117 HPs)
             Began as a Minotaur Fighter on Jan 8, 2017.
             Mangled by a yak (8 damage)
             ... on level 8 of the Dungeon.
             The game lasted 00:26:37 (7005 turns).

Queen the Fencer (Minotaur Fighter)                 Turns: 7005, Time: 00:26:38

Health: -7/117     AC:  9    Str: 29    XL:     10   Next: 44%
Magic:  9/9        EV:  7    Int:  5    God:
Gold:   350        SH: 10    Dex: 12    Spells: 9/9 levels left

rFire  . . .     SeeInvis .     a - +1 long sword
rCold  . . .     Gourm    .     b - +1 scale mail
rNeg   . . .     Faith    .     c - +0 shield
rPois  +         Spirit   .     (helmet restricted)
rElec  .         Reflect  .     p - +0 cloak
rCorr  .         Harm     .     (no gloves)
MR     .....                    (no boots)
Stlth  ..........               q - amulet of magic regeneration
                                (no ring)
                                (no ring)

@: berserking (expiring), very quick
A: retaliatory headbutt, horns 2, poison resistance, screaming 1, slow
regeneration 1, strong 1, wild magic 1
a: no special abilities


You were on level 8 of the Dungeon.
You were not hungry.

You visited 1 branch of the dungeon, and saw 8 of its levels.

You collected 350 gold pieces.

Inventory:

Hand Weapons
 a - a +1 long sword (weapon)
Missiles
 j - 7 steel tomahawks
 z - 9 tomahawks (quivered)
 L - 5 tomahawks of dispersal
Armour
 b - a +1 scale mail (worn)
 c - a +0 shield (worn)
 p - a +0 cloak (worn)
Jewellery
 n - an uncursed ring of resist corrosion {unknown}
 q - an amulet of magic regeneration (around neck)
 r - a +4 ring of evasion {unknown}
 t - a cursed amulet of inaccuracy {unknown}
 w - a +3 ring of intelligence {unknown}
 J - an uncursed ring of resist corrosion {unknown}
Wands
 I - a wand of flame (34/48)
Scrolls
 d - a scroll of random uselessness {unknown}
 e - 2 scrolls of enchant armour
 m - a scroll of fear
 o - a scroll of blinking {unknown}
 u - 3 scrolls of identify
 y - a scroll of enchant weapon
 B - a scroll of amnesia
 C - a scroll of noise {unknown}
 G - a scroll of remove curse {unknown}
Potions
 k - a potion of magic
 l - 6 potions of curing {unknown}
 s - a potion of lignification
 A - a potion of haste {unknown}
 E - a potion of cancellation {unknown}
Books
 v - a book of Frost

   Spells                             Type                      Level
   a - Freeze                         Ice                          1
   b - Throw Frost                    Conjuration/Ice              2
   c - Ozocubu's Armour               Charms/Ice                   3
   d - Throw Icicle                   Conjuration/Ice              4
   e - Summon Ice Beast               Ice/Summoning                4
 x - a book of Flames

   Spells                             Type                      Level
   a - Flame Tongue                   Conjuration/Fire             1
   b - Throw Flame                    Conjuration/Fire             2
   c - Conjure Flame                  Conjuration/Fire             3
   d - Inner Flame                    Hexes/Fire                   3
   e - Sticky Flame                   Conjuration/Fire             4
   f - Fireball                       Conjuration/Fire             5
 D - a book of Conjurations

   Spells                             Type                      Level
   a - Magic Dart                     Conjuration                  1
   b - Searing Ray                    Conjuration                  2
   c - Dazzling Spray                 Conjuration/Hexes            3
   d - Fulminant Prism                Conjuration/Hexes            4
   e - Iskenderun's Mystic Blast      Conjuration                  4
   f - Iskenderun's Battlesphere      Conjuration/Charms           5
 F - a book of Party Tricks

   Spells                             Type                      Level
   a - Summon Butterflies             Summoning                    1
   b - Apportation                    Translocation                1
   c - Lesser Beckoning               Translocation                3
   d - Tukima's Dance                 Hexes                        3
   e - Alistair's Intoxication        Transmutation/Poison         5
   f - Invisibility                   Hexes                        6
Comestibles
 f - 12 bread rations
 g - 6 meat rations
 H - a beef jerky


   Skills:
 - Level 3.8 Fighting
 + Level 17.2 Long Blades
 - Level 4.0 Armour
 - Level 3.7 Shields


You had 9 spell levels left.
You didn't know any spells.

Dungeon Overview and Level Annotations

Branches:
Dungeon (8/15)
 Temple: D:4-7         Lair: D:8-11

Altars:
Cheibriados
Elyvilon
Gozag
Ru
Sif Muna
Uskayaw
Xom
The Shining One


Innate Abilities, Weirdness & Mutations

You reflexively headbutt those who attack you in melee.
You have a pair of horns on your head.
Your system is resistant to poisons. (rPois)
You occasionally shout uncontrollably at your foes.
You regenerate slowly when monsters are visible.
Your muscles are strong. (Str +2)
Your spells are a little harder to cast, but a little more powerful.


Message History

You hit Grum. Your headbutt misses Grum.
Grum is severely wounded.
You slash Grum!
You kill Grum!
Your Long Blades skill increases to level 17!
You slice the yak!! You headbutt the yak!
The yak is severely wounded.
You slash the yak!
The yak is almost dead.
You slice the yak!!
You kill the yak!
You slice the yak!! You headbutt the yak!!
The yak is almost dead.
You slice the yak!!
You kill the yak!
You hit the yak but do no damage. You slice the yak!!
The yak is heavily wounded.
The yak gores you!
You die...

#... #........
#.####...#.##.
#####..†.....#.##. #
#.......###.>#.##< #.
#.......###..#.##. ##.#
#..............##. ##...##
#........##....... ≈≈...≈≈
#........##.......
≈..♣..≈###@#######...##.##.
......†..Y†#_Z_..###.##.##.
.♣._.♣...###>....#......##.
........## #.._..###.##.##.
≈..♣.?≈#####..|..#.........
≈..)≈≈###.#_.wZ.##..##.###
#...###...########...#.#
#..# ###.#............###
#.# #.##..............


You could see a yak.

Vanquished Creatures
  3 two-headed ogres
  Pikel (D:4)
  The ghost of HagarQim the Poker, a novice MfSk of Gozag (D:5)
  A spriggan (D:7)
  4 yaks (D:8)
  Grum (D:8)
  Menkaure (D:6)
  2 ice beasts (D:6)
  A slave (D:4)
  2 wolves (D:8)
  A big kobold (D:7)
  3 bullfrogs
  A wyvern skeleton (D:8)
  2 howler monkeys
  3 crimson imps
  2 hounds
  4 orc priests (D:6)
  A jelly (D:7)
  Crazy Yiuf (D:3)
  A bullfrog skeleton (D:7)
  A centaur skeleton (D:4)
  6 worker ants
  Ijyb (D:3)
  Terence (D:3)
  5 orc wizards
  A hound zombie (D:7)
  7 gnolls
  12 adders
  A shadow imp (D:6)
  3 oozes
  2 adder zombies
  A worm (D:2)
  2 dart slugs
  3 leopard geckos
  22 orcs
  3 ball pythons
  7 giant cockroaches
  7 goblins
  3 hobgoblins
  16 jackals
  10 kobolds
  5 quokkas
  3 bats
  7 frilled lizards
  2 leopard gecko skeletons
  4 rats
171 creatures vanquished.

Vanquished Creatures (others)
  An orc wizard (D:6)
  An adder skeleton (D:4)
  A leopard gecko (D:4)
  A giant cockroach (D:4)
4 creatures vanquished.

Grand Total: 175 creatures vanquished

Notes
Turn   | Place    | Note
-------+----------+-------------------------------------------
     0 | D:1      | Queen the Minotaur Fighter began the quest for the Orb.
     0 | D:1      | Reached XP level 1. HP: 19/19 MP: 0/0
   108 | D:1      | Reached XP level 2. HP: 24/27 MP: 1/1
   268 | D:1      | Reached skill level 3 in Long Blades
   842 | D:2      | Reached XP level 3. HP: 33/33 MP: 2/2
   858 | D:2      | Reached skill level 4 in Long Blades
  1275 | D:2      | Reached XP level 4. HP: 38/40 MP: 3/3
  1289 | D:2      | Found a sacrificial altar of Ru.
  1373 | D:2      | Reached skill level 5 in Long Blades
  1695 | D:3      | Found a deep blue altar of Sif Muna.
  1720 | D:3      | Noticed Terence
  1836 | D:3      | Killed Terence
  1844 | D:3      | Gained mutation: You occasionally shout uncontrollably at your foes. [potion of mutation]
  1844 | D:3      | Gained mutation: You regenerate slowly when monsters are visible. [potion of mutation]
  1845 | D:3      | Gained mutation: Your spells are a little harder to cast, but a little more powerful. [potion of mutation]
  1845 | D:3      | Gained mutation: Your system is resistant to poisons. (rPois) [potion of mutation]
  1845 | D:3      | Gained mutation: Your muscles are strong. (Str +2) [potion of mutation]
  1876 | D:3      | Found a snail-covered altar of Cheibriados.
  1880 | D:3      | Reached XP level 5. HP: 26/46 MP: 4/4
  2079 | D:3      | Found a runed door.
  2186 | D:3      | Reached skill level 6 in Long Blades
  2221 | D:3      | Noticed a hand axe
  2223 | D:3      | Noticed a hand axe
  2223 | D:3      | Noticed Ijyb
  2244 | D:3      | Killed Ijyb
  2251 | D:3      | Found a hide-covered altar of Uskayaw.
  2373 | D:3      | Noticed Crazy Yiuf
  2376 | D:3      | Killed Crazy Yiuf
  2376 | D:3      | Reached skill level 7 in Long Blades
  2542 | D:4      | Reached XP level 6. HP: 52/52 MP: 5/5
  2602 | D:4      | Noticed a slave
  2604 | D:4      | Noticed a slave
  2605 | D:4      | Noticed Pikel
  2610 | D:4      | Noticed a slave
  2614 | D:4      | Killed a slave
  2639 | D:4      | Killed Pikel
  2639 | D:4      | Reached skill level 10 in Long Blades
  2639 | D:4      | Reached XP level 7. HP: 5/58 MP: 6/6
  3297 | D:5      | Entered Level 5 of the Dungeon
  3354 | D:5      | Noticed a two-headed ogre
  3640 | D:5      | Noticed HagarQim's ghost (novice MfSk)
  3651 | D:5      | Reached skill level 11 in Long Blades
  3651 | D:5      | Reached XP level 8. HP: 47/66 MP: 7/7
  3669 | D:5      | Killed HagarQim's ghost
  3669 | D:5      | Reached skill level 12 in Long Blades
  3669 | D:5      | HP: 1/66 [orc wizard/magic dart (4)]
  4240 | D:6      | Noticed Menkaure
  4271 | D:6      | Killed Menkaure
  4436 | D:6      | Found a glowing golden altar of the Shining One.
  4543 | D:6      | Reached skill level 13 in Long Blades
  4775 | D:6      | Found an opulent altar of Gozag.
  5282 | D:6      | Reached XP level 9. HP: 70/71 MP: 8/8
  5598 | D:7      | Reached skill level 14 in Long Blades
  6454 | D:8      | Found a shimmering altar of Xom.
  6463 | D:8      | Found a shimmering altar of Xom.
  6463 | D:8      | Found a shimmering altar of Xom.
  6475 | D:8      | Found a shimmering altar of Xom.
  6476 | D:8      | Found a shimmering altar of Xom.
  6486 | D:8      | Noticed a two-headed ogre
  6493 | D:8      | Killed a two-headed ogre
  6493 | D:8      | Reached skill level 15 in Long Blades
  6565 | D:8      | Noticed a two-headed ogre
  6573 | D:8      | Killed a two-headed ogre
  6573 | D:8      | Reached skill level 16 in Long Blades
  6573 | D:8      | Reached XP level 10. HP: 61/78 MP: 9/9
  6692 | D:5      | Killed a two-headed ogre
  6966 | D:8      | Found a white marble altar of Elyvilon.
  6968 | D:8      | Noticed Grum
  6996 | D:8      | HP: 1/117 [Grum/halberd (18)]
  6998 | D:8      | Killed Grum
  6998 | D:8      | Reached skill level 17 in Long Blades
  7005 | D:8      | Mangled by a yak

Vault maps used:
D:1:      zaba_arrival_water
D:2:      hangedman_ru_absence, minmay_misc_feat_nine_boxes
D:3:      lemuel_blue_sif_altar, old_standard_altar, dancing_weapons_uskayaw,
          uniq_crazy_yiuf_cottage, uniq_terence, uniq_iyjb
D:4:      first_bread, uniq_pikel
D:5:      minmay_lizard_king
D:6:      grunt_gozag_statues, lemuel_doored_altar, uniq_menkaure
D:7:      the_bakery
D:8:      elyvilon_altar_4, xom_shifter_show, uniq_grum

Skill      XL: |  1  2  3  4  5  6  7  8  9 10 |
---------------+-------------------------------+-----
Armour         | 4 |  4.0
Long Blades    | 3 4 5 7 10 11 13 16 17 | 17.2
Fighting       | |  3.8
Shields        | |  3.7

Action                   |  1- 3 |  4- 6 |  7- 9 | 10-12 || total
-------------------------+-------+-------+-------+-------++-------
Melee: Long sword        |    91 |   141 |   256 |    37 ||   525
       Headbutt          |     8 |    32 |    65 |     9 ||   114
  Use: Scroll            |     5 |     4 |     5 |       ||    14
       Potion            |       |     2 |     5 |     2 ||     9
  Eat: Chunk             |     1 |     5 |    12 |     2 ||    20
Armor: Scale mail        |    44 |    41 |    70 |     7 ||   162
Dodge: Dodged            |    31 |    37 |    66 |     7 ||   141
Block: Shield            |    46 |    58 |   104 |    15 ||   223
       Rpst.: Long sword |    10 |    10 |    17 |       ||    37
